 Dungeon Crawl Stone Soup version 0.18.1-50-g88ac8fd (webtiles) character file.

70 GrittyGramps the Shield-Bearer (level 4, -4/40 HPs)
             Began as a Hill Orc Fighter on Sept 28, 2016.
             Slain by taxman66's ghost (9 damage)
             ... on level 3 of the Dungeon on Sept 29, 2016.
             The game lasted 00:10:12 (1592 turns).

GrittyGramps the Shield-Bearer (Hill Orc Fighter)   Turns: 1592, Time: 00:10:12

Health: -4/40      AC:  7    Str: 23 (24) XL:     4   Next: 22%
Magic:  4/4        EV:  7    Int:  5 (8)  God:
Gold:   89         SH:  9    Dex: 10      Spells: 0 memorised, 3 levels left

rFire  . . .     SeeInvis .     a - +0 long sword
rCold  . . .     Gourm    .     b - +0 scale mail
rNeg   . . .     Faith    .     c - +0 shield
rPois  .         Spirit   .     (no helmet)
rElec  .         Dismiss  .     (no cloak)
rCorr  .         Reflect  .     (no gloves)
SustAt .         Harm     .     (no boots)
MR     .....                    (no amulet)
Stlth  ..........               (no ring)
                                n - +5 ring of strength

@: not resistant to hostile enchantments, extremely unstealthy
A: no striking features
a: no special abilities


You were on level 3 of the Dungeon.
You were very full.

You visited 1 branch of the dungeon, and saw 3 of its levels.

You collected 89 gold pieces.

Inventory:

Hand Weapons
 a - a +0 long sword (weapon)
Armour
 b - a +0 scale mail (worn)
 c - a +0 shield (worn)
Jewellery
 n - a +5 ring of strength (left hand)
Wands
 j - a wand of flame (19/48)
Potions
 d - 2 potions of might
 e - a potion of agility {unknown}
 g - a potion of curing {unknown}
 h - a potion of degeneration
 i - 2 potions of haste {unknown}


   Skills:
 + Level 4.1 Fighting
 + Level 2.4 Long Blades
 + Level 3.8 Armour
 + Level 0.5 Dodging
 + Level 4.3 Shields


You had 3 spell levels left.
You didn't know any spells.

Dungeon Overview and Level Annotations

Branches:
Dungeon (2/15)

Altars:
Sif Muna
Trog
The Shining One

Annotations:
D:3 taxman66's ghost, amateur OgBe


Message History

You closely miss taxman66's ghost.
Taxman66's ghost is moderately damaged.
Taxman66's ghost hits you but does no damage.
You hit taxman66's ghost but do no damage.
Taxman66's ghost is moderately damaged.
Taxman66's ghost hits you.
* * * LOW HITPOINT WARNING * * *
Taxman66's ghost barely misses you.
Taxman66's ghost whispers, "Soon you will have time, lots of time..."
You block taxman66's ghost's attack.
You slash taxman66's ghost!
Taxman66's ghost is heavily damaged.
Taxman66's ghost closely misses you. You block taxman66's ghost's attack.
You hit taxman66's ghost.
Taxman66's ghost is severely damaged.
Taxman66's ghost hits you but does no damage.
You hit taxman66's ghost.
Taxman66's ghost is severely damaged.
Taxman66's ghost hits you!
You die...

...# ... #### # .. .# ..
#########.# .## .#
..........# ..# .#
.#........# #.##+##.#
..........# #.##.#..####
.........#####.##.#......
.###..###.......@...#####
.###..# #.#####.W.......#
..##..###...# #.#.#####.#
_..ยง...####.# #.#.#
..##.#....#.# #.#.#
.###.####.#.###...#
.###.##............
.....##.#.#.####..#
.######.#.#.# #.>#


You could see taxman66's ghost.

Vanquished Creatures
  2 adders (D:3)
  An ooze (D:2)
  3 dart slugs (D:2)
  5 bats
  A giant cockroach (D:1)
  5 goblins
  3 hobgoblins
  5 jackals (D:1)
  6 kobolds (D:1)
  A quokka (D:2)
  3 giant newts (D:1)
  7 rats
42 creatures vanquished.

Notes
Turn   | Place    | Note
--------------------------------------------------------------
     0 | D:1      | GrittyGramps the Hill Orc Fighter began the quest for the Orb.
     0 | D:1      | Reached XP level 1. HP: 19/19 MP: 1/1
   238 | D:1      | Reached XP level 2. HP: 7/27 MP: 2/2
   852 | D:1      | Reached XP level 3. HP: 24/33 MP: 3/3
  1232 | D:2      | Found a glowing golden altar of the Shining One.
  1260 | D:2      | You fall through a shaft!
  1299 | D:3      | Found a bloodstained altar of Trog.
  1464 | D:3      | Reached XP level 4. HP: 20/40 MP: 4/4
  1489 | D:3      | Found a deep blue altar of Sif Muna.
  1567 | D:3      | Noticed taxman66's ghost (amateur OgBe)
  1592 | D:3      | Slain by taxman66's ghost

Skill      XL: |  1  2  3 |
---------------+----------+-----
Shields        | 4 |  4.3
Fighting       | 4 |  4.1
Long Blades    | |  2.4
Armour         | |  3.8
Dodging        | |  0.5

Action                   |  1- 3 |  4- 6 || total
-------------------------+-------+-------++-------
Melee: Long sword        |   160 |    16 ||   176
  Use: Scroll            |     1 |     3 ||     4
       Potion            |     1 |       ||     1
  Eat: Bread ration      |     1 |     1 ||     2
Armor: Scale mail        |   130 |     8 ||   138
Dodge: Dodged            |    88 |     4 ||    92
Block: Shield            |   127 |    15 ||   142
